 Dungeon Crawl Stone Soup version 0.30.1-4-g462c640d31 (webtiles) character file.

Game seed: 10201673945240285640

1657731 LordWeiramon the Cutthroat (level 27, 193/193 HPs)
             Began as a Kobold Wanderer on Aug 29, 2023.
             Was the Champion of Ashenzari.
             Escaped with the Orb
             ... and 3 runes on Aug 30, 2023!
             The game lasted 08:40:02 (69896 turns).

LordWeiramon the Cutthroat (Kobold Wanderer)       Turns: 69896, Time: 08:40:03

Health: 193/193    AC: 30    Str: 13    XL:     27
Magic:  31/31      EV: 45    Int: 14    God:    Ashenzari [******]
Gold:   1184       SH: 24    Dex: 30    Spells: 30/37 levels left

rFire   + . .        a - +9 rapier of the Sibylline Sorrow {elec, Bglg, Comp} (curse)
rCold   + . .        c - +5 kite shield of Ashenzari's Black Moon {reflect, Evo, Alch} (curse)
rNeg    + . .        l - +0 acid dragon scales "Ensconced With Me" {rCorr, Cun, Evo} (curse)
rPois   +            p - +0 helmet "Ensconced Malaise" {rC+, Self, Fort} (curse)
rElec   +            Y - +2 cloak "Shackled With Me" {rPois, Fort, Self} (curse)
rCorr   +            Z - +2 pair of gloves "Behold Eternity" {Str+3, Self, Fort} (curse)
SInv    +            P - +2 pair of boots of Ashenzari's Chagrin {rampage, Evo, Comp} (curse)
Will    ++...        t - amulet of Ashenzari's Gloom {Regen+, Melee, Evo} (curse)
Stlth   ++++         W - ring "Share My Omission" {rElec AC+4 Str+3, Range, Cun} (curse)
HPRegen 1.32/turn    T - ring "Ruined With Me" {rF+ rN+, Cun, Self} (curse)
MPRegen 0.22/turn

%: reflection, clarity, rampage
@: studying 2 skills
A: small, no large weapons, nightstalker 3
0: Orb of Zot
}: 3/15 runes: decaying, serpentine, silver
a: Renounce Religion, Shatter the Chains


You escaped.
You worshipped Ashenzari.
Ashenzari was exalted by your worship.
You visited 11 branches of the dungeon, and saw 51 of its levels.
You also visited: Trove, Bailey, Ice Cave, Volcano and Wizlab.

You collected 8947 gold pieces.
You spent 7763 gold pieces at shops.

Inventory:

Hand Weapons
 a - the cursed +9 rapier of the Sibylline Sorrow (weapon) {elec, Bglg, Comp}
   (You took it off Nikola on level 1 of the Depths)

   It has a curse which improves the following skills: Beguiling: Conjurations,
   Hexes and Translocations.
   Companions: Summonings and Necromancy.
 b - a +9 quick blade of freezing
Missiles
 q - 26 atropa-tipped darts
 w - a throwing net (quivered)
 V - 11 curare-tipped darts
Armour
 c - the cursed +5 kite shield of Ashenzari's Black Moon (worn) {reflect, Evo, Alch}
   (You took it off Donald on level 4 of the Vaults)

   It has a curse which improves the following skills: Evocations: Evocations.
   Alchemy:   Poison Magic and Transmutations.
 l - the cursed +0 acid dragon scales "Ensconced With Me" (worn) {rCorr, Cun, Evo}
   (You found it on level 9 of the Dungeon)

   rCorr:     It protects you from acid and corrosion.
   It has a curse which improves the following skills: Cunning: Dodging and
   Stealth.
   Evocations: Evocations.
 p - the cursed +0 helmet "Ensconced Malaise" (worn) {rC+, Self, Fort}
   (You acquired it on level 3 of the Elven Halls)

   rC:        It protects you from cold.
   It has a curse which improves the following skills: Introspection: Fighting
   and Spellcasting.
   Fortitude: Armour and Shields.
 P - the cursed +2 pair of boots of Ashenzari's Chagrin (worn) {rampage, Evo, Comp}
   (You found it in a wizard's laboratory)

   It has a curse which improves the following skills: Evocations: Evocations.
   Companions: Summonings and Necromancy.
 Y - the cursed +2 cloak "Shackled With Me" (worn) {rPois, Fort, Self}
   (You found it on level 12 of the Dungeon)

   It has a curse which improves the following skills: Fortitude: Armour and
   Shields.
   Introspection: Fighting and Spellcasting.
 Z - the cursed +2 pair of gloves "Behold Eternity" (worn) {Str+3, Self, Fort}
   (You bought it in a shop on level 2 of the Orcish Mines)

   It has a curse which improves the following skills: Introspection: Fighting
   and Spellcasting.
   Fortitude: Armour and Shields.
Jewellery
 t - the cursed amulet of Ashenzari's Gloom (around neck) {Regen+, Melee, Evo}
   (You took it off a gnoll on level 3 of the Dungeon)

   [amulet of regeneration]

   Regen:     It increases your rate of health regeneration.
   It has a curse which improves the following skills: Melee Combat: Short
   Blades, Long Blades, Axes, Maces & Flails, Polearms, Staves and Unarmed
   Combat.
   Evocations: Evocations.
 y - the ring of Omic {Drain Fly rF+++ rN+++ Will-}
   (You found it in a wizard's laboratory)

   [ring of flight]

   rF:        It renders you almost immune to fire.
   rN:        It renders you almost immune to negative energy.
   Fly:       It grants you flight.
   Drain:     It drains your maximum health when unequipped.
   Will:      It decreases your willpower.
 z - the ring "Lecilyco" {Wiz rC++ Str+3}
   (You found it in a treasure trove)

   [ring of wizardry]

   It improves your spell success rate.
   Str:       It affects your strength (+3).
   rC:        It greatly protects you from cold.
 Q - the ring "Taurarel" {rF+ rN+ SInv}
   (You found it on level 3 of the Crypt)

   [ring of positive energy]

   rF:        It protects you from fire.
   rN:        It protects you from negative energy.
   SInv:      It lets you see invisible.
 T - the cursed ring "Ruined With Me" (right hand) {rF+ rN+, Cun, Self}
   (You bought it in a shop on level 1 of the Elven Halls)

   [ring of positive energy]

   rF:        It protects you from fire.
   rN:        It protects you from negative energy.
   It has a curse which improves the following skills: Cunning: Dodging and
   Stealth.
   Introspection: Fighting and Spellcasting.
 W - the cursed ring "Share My Omission" (left hand) {rElec AC+4 Str+3, Range, Cun}
   (You took it off a tengu warrior on level 12 of the Dungeon)

   [ring of protection]

   AC:        It affects your AC (+4).
   Str:       It affects your strength (+3).
   rElec:     It insulates you from electricity.
   It has a curse which improves the following skills: Ranged Combat: Ranged
   Weapons and Throwing.
   Cunning:   Dodging and Stealth.
Wands
 f - a wand of mindburst (40)
 m - a wand of digging (20)
 A - a wand of roots (76)
 J - a wand of charming (57)
 R - a wand of flame (106)
 U - a wand of light (13)
Scrolls
 d - a scroll of blinking
 e - a scroll of enchant armour
 g - 5 scrolls of poison
 j - 29 scrolls of teleportation
 k - 6 scrolls of fog
 n - 10 scrolls of vulnerability
 r - 5 scrolls of silence
 s - 5 scrolls of fear
 x - 6 scrolls of amnesia
 B - 5 scrolls of butterflies
 E - 8 scrolls of magic mapping
 O - 2 scrolls of enchant weapon
Potions
 h - 15 potions of brilliance
 i - 9 potions of flight
 o - 5 potions of ambrosia
 u - 27 potions of curing
 C - 6 potions of haste
 D - 4 potions of resistance
 F - 4 potions of magic
 G - 16 potions of heal wounds
 H - 7 potions of might
 I - 3 potions of invisibility
 K - 6 potions of cancellation
 M - 12 potions of mutation
Miscellaneous
 v - a lightning rod (4/4)
 L - a box of beasts
 N - a phial of floods
 S - a phantom mirror (inert)
 X - a condenser vane


   Skills:
 + Level 19.8(25.2) Fighting
 - Level 25.0(27) Short Blades
 - Level 7.6(10.2) Throwing
 - Level 17.6(22.1) Armour
 - Level 23.3(27) Dodging
 - Level 23.3(27) Stealth
 - Level 15.7(20.3) Shields
 - Level 2.0(5.9) Spellcasting
 - Level 15.4(17.7) Hexes
 - Level 1.0(2.4) Translocations
 - Level 4.2(6.5) Transmutations
 - Level 4.2 Earth Magic
 - Level 22.1(27) Evocations


You had 30 spell levels left.
You knew the following spells:

 Your Spells              Type           Power      Damage    Failure   Level
b - Slow                  Hex            100%       N/A       1%          1
c - Confusing Touch       Hex            52%        N/A       1%          3
d - Passwall              Tmut/Erth      15%        N/A       4%          2
g - Apportation           Tloc           20%        N/A       11%         1

Your spell library contained the following spells:

 Spells                   Type           Power      Damage    Failure   Level
 Beastly Appendage        Tmut           44%        N/A       1%          1
 Ensorcelled Hibernation  Hex/Ice        58%        N/A       1%          2
 Dazzling Flash           Conj/Hex       58%        N/A       1%          3
 Tukima's Dance           Hex            52%        N/A       1%          3
 Cause Fear               Hex            26%        N/A       1%          4
 Wereblood                Tmut           22%        N/A       2%          2
 Yara's Violent Unravell  Hex/Tmut       19%        3d9       5%          5
 Anguish                  Hex/Necr       14%        N/A       6%          4
 Sting                    Tmut/Pois      52%        1d5       7%          1
 Fulminant Prism          Conj/Hex       14%        3d8       7%          4
 Enfeeble                 Hex            26%        N/A       16%         7
 Summon Mana Viper        Hex/Summ       29%        N/A       19%         5
 Spider Form              Tmut/Pois      13%        N/A       21%         3
 Metabolic Englaciation   Hex/Ice        14%        N/A       21%         5
 Necrotise                Necr           20%        1d5       22%         1
 Summon Small Mammal      Summ           20%        N/A       22%         1
 Kiss of Death            Conj/Necr      20%        2d7       24%         1
 Magic Dart               Conj           20%        1d4       24%         1
 Gell's Gravitas          Tloc           10%        N/A       30%         3
 Teleport Other           Tloc           10%        N/A       30%         3
 Poisonous Vapours        Pois/Air       8%         N/A       36%         2
 Searing Ray              Conj           10%        2d4       36%         2
 Static Discharge         Conj/Air       8%         2-3/arc   36%         2
 Scorch                   Fire           8%         2d5       38%         2
 Vhi's Electric Charge    Tloc/Air       14%        N/A       45%         3
 Volatile Blastmotes      Fire/Tloc      14%        2d11      45%         3
 Blade Hands              Tmut           11%        N/A       45%         5
 Vampiric Draining        Necr           5%         2d6       56%         3
 Mephitic Cloud           Conj/Pois/Air  4%         N/A       58%         3
 Ice Form                 Ice/Tmut       13%        N/A       58%         4
 Frozen Ramparts          Ice            8%         1d2       63%         3
 Ozocubu's Armour         Ice            4%         N/A       63%         3
 Swiftness                Air            4%         N/A       63%         3
 Animate Armour           Summ/Erth      20%        N/A       71%         4
 Passage of Golubria      Tloc           10%        N/A       71%         4
 Discord                  Hex            26%        N/A       77%         8
 Lee's Rapid Deconstruct  Erth           7%         3d7*      80%         5
 Iskenderun's Mystic Bla  Conj/Tloc      7%         2d4       83%         4
 Irradiate                Conj/Tmut      6%         3d13      88%         5
 Dispel Undead            Necr           5%         3d7       92%         4
 Olgreb's Toxic Radiance  Pois           5%         N/A       94%         4
 Summon Ice Beast         Ice/Summ       4%         N/A       94%         4
 Summon Lightning Spire   Summ/Air       4%         N/A       94%         4
 Airstrike                Air            2%         2d(1-17)  95%         4
 Flame Wave               Conj/Fire      4%         2d5       95%         4
 Agony                    Necr           5%         N/A       99%         5
 Summon Forest            Summ/Tloc      4%         N/A       99%         5
 Arcjolt                  Conj/Air       2%         1d12      100%        5
 Fireball                 Conj/Fire      2%         3d4       100%        5
 Freezing Cloud           Conj/Ice/Air   2%         6-21      100%        5
 Iskenderun's Battlesphe  Conj           5%         2d6       100%        5
 Conjure Ball Lightning   Conj/Air       2%         3x3d6     100%        6
 Dispersal                Tloc           5%         N/A       100%        6
 Iron Shot                Conj/Erth      5%         9d2       100%        6
 Plasma Beam              Fire/Air       2%         2x1d13    100%        6
 Simulacrum               Ice/Necr       2%         N/A       100%        6
 Starburst                Conj/Fire      2%         6d3       100%        6
 Summon Cactus Giant      Summ           2%         N/A       100%        6
 Dragon Form              Tmut           11%        N/A       100%        7
 Malign Gateway           Summ/Tloc      4%         N/A       100%        7
 Orb of Destruction       Conj           2%         9d5       100%        7
 Spellforged Servitor     Conj/Summ      2%         N/A       100%        7
 Storm Form               Tmut/Air       6%         N/A       100%        7
 Disjunction              Tloc           5%         N/A       100%        8
 Ignition                 Fire           2%         3d3       100%        8
 Maxwell's Capacitive Co  Air            2%         ∞         100%        8
 Summon Horrible Things   Summ           2%         N/A       100%        8
 Chain Lightning          Conj/Air       2%         3d2       100%        9
 Fire Storm               Conj/Fire      2%         8d1       100%        9
 Shatter                  Erth           7%         3d10*     100%        9


Dungeon Overview and Level Annotations

Branches:
Dungeon (15/15)            Temple (1/1) D:6            Lair (5/5) D:10
  Swamp (4/4) Lair:2        Snake (4/4) Lair:3        Slime (0/5) Lair:5
    Orc (2/2) D:12            Elf (3/3) Orc:2        Vaults (5/5) D:14
  Crypt (3/3) Vaults:2       Tomb (0/3) Crypt:3      Depths (4/4) D:15
    Zot (5/5) Depths:4     Bailey (visited)           IceCv (visited)
Volcano (visited)          WizLab (visited)

Altars:
Ashenzari
Cheibriados
Dithmenos
Elyvilon
Fedhas
Gozag
Hepliaklqana
Kikubaaqudgha
Makhleb
Nemelex Xobeh
Okawaru
Qazlal
Ru
Sif Muna
Trog
Uskayaw
Vehumet
Wu Jian
Xom
Yredelemnul
Zin
The Shining One
Jiyva
Lugonu

Shops:
D:4 ((!   D:5 :   D:7 (   D:9 (   D:10 *[   D:15 !:   Orc:2 ::[??   Elf:1 =((*
Vaults:3 :   Vaults:4 (

Portals:
Hell: Depths:1 Depths:2 Depths:3 Depths:4
Abyss: Lair:5 Depths:2 Depths:3
Pandemonium: Orc:2 Depths:1 Depths:2
Ziggurat: Depths:1


Innate Abilities, Weirdness & Mutations

You are small and have problems with some larger weapons.
You are completely attuned to the shadows.


Message History

This square is covered in magical glow.
The green death gestures at you. The blast of poison engulfs you. You resist.
You block the lorocyproca's attack.
There is a staircase leading out of the dungeon here.
The green death attacks as you move away!
You block the green death's attack. You block the lorocyproca's attack.
You can't go up here!
You can't go down here!
Press: ? - help, v - describe, . - travel
Here: a green death (poison gas, moderately wounded, very poisoned)
A staircase leading out of the dungeon.
Throw: 2 throwing nets
Press: ? - help, Q - select action, (/) - cycle Shift-Dir - straight line, f - lorocyproca
Aim: a lorocyproca (poison gas, slightly transparent, 74% to hit)
You throw a throwing net. The throwing net hits the lorocyproca.
The lorocyproca is caught in the net!
Unknown command.
You catch the helpless lorocyproca completely off-guard!
You stick the lorocyproca like a pincushion!!!!
You kill the lorocyproca!
The green death gestures at you. The blast of poison misses you.
Unknown command.
Throw: throwing net
Press: ? - help, Q - select action, (/) - cycle Shift-Dir - straight line, f - green death
Aim: a green death (poison gas, moderately wounded, very poisoned, 83% to hit)
You throw a throwing net. The throwing net hits the green death.
The green death is caught in the net!
The green death is moderately wounded.
The green death struggles against the net.
You puncture the green death!
Lightning courses through the green death!
The green death is severely wounded.
You strike the helpless green death from behind!
You stick the green death like a pincushion!!!!
You kill the green death!
w - a throwing net
There is a staircase leading out of the dungeon here.
You have escaped!

#.##8# #...........
#########.##.# ###....#######
#........###.###.............
#.########.....###....#######
#####.#
#..8...8..#.#>###..)..
......#
##...°°....###.###.####
.###### #....○°°....#......#
.# ####...°○......######## †#
#8.....°.@(......8 .#
#####...........###########
.# #.#
#...........##......... .#
#.# ##.........############
.# #.# #.........# .# #.#
####.....###
.######.###.[#.....#
.#...#...##.##.....##
............#8.....8#


There were no monsters in sight!

Vanquished Creatures
  6 orbs of fire
  3 dread liches
  2 ancient liches (Zot:5)
  Boris (Vaults:5)
  6 Killer Klowns (Zot:5)
  Frederick (Vaults:5)
  Saint Roka (Vaults:4)
  Vashnia (Snake:4)
  Xtahua (Vaults:4)
  2 curse toes
  Jory (Crypt:1)
  10 golden dragons
  A profane servitor (Crypt:3)
  Nikola (Depths:1)
  2 bone dragons
  2 Tzitzimimeh (Crypt:3)
  3 doom hounds (Crypt:3)
  4 electric golems
  A Cloud Mage (WizLab)
  A hellephant (Depths:4)
  25 Orb Guardians (Zot:5)
  Asterion (Elf:3)
  11 tentacled monstrosities
  Zenata (Elf:1)
  3 liches
  2 deep elf blademasters (Elf:3)
  5 titans
  A walking frostbound tome (Depths:2)
  A walking divine tome (Depths:2)
  2 deep elf master archers (Elf:3)
  Grunn (Crypt:3)
  6 quicksilver dragons
  9 ancient champions
  4 death cobs
  Agnes (Elf:1)
  2 revenants (Crypt:3)
  9 storm dragons
  2 draconian monks
  3 sphinxes
  15 shadow dragons
  7 tengu reavers
  3 thorn hunters
  An azure jelly (Swamp:1)
  Donald (Vaults:4)
  2 nagarajas (Snake:4)
  2 draconian knights
  9 fire giants
  An iron dragon (Depths:2)
  4 fenstrider witches (Swamp:4)
  9 frost giants
  13 vault wardens
  3 deep elf sorcerers (Elf:3)
  4 draconian scorchers
  2 deep elf elementalists (Elf:3)
  A draconian stormcaller (Zot:3)
  5 ghost moths
  The ghost of Secest the Severer, a journeyman DrFi of the Shining One (D:14)
  4 ghouls
  A quicksilver ooze (shapeshifter) (Vaults:5)
  14 ironbound preservers
  2 draconian annihilators
  5 draconian shifters
  14 very ugly things
  22 stone giants
  3 war gargoyles
  A reaper (Swamp:4)
  A spriggan defender (Depths:3)
  2 orc warlords (Vaults:1)
  7 ironbound thunderhulks
  8 vampire knights
  12 green draconians
  5 eleionomae
  4 deep elf demonologists
  16 dire elephants
  A lorocyproca (D:1)
  13 black draconians
  8 deep elf annihilators
  3 bunyips
  9 red draconians
  A dire elephant (shapeshifter) (Vaults:5)
  11 yellow draconians
  15 purple draconians
  8 spark wasps
  Snorg (Lair:3)
  8 white draconians
  9 ettins
  A crystal guardian (Vaults:3)
  3 eidola
  3 green deaths
  7 deep elf death magi
  A blizzard demon (WizLab)
  A mummy priest (Crypt:3)
  An entropy weaver (Vaults:3)
  16 yaktaur captains
  Josephine (D:13)
  2 deep elf high priests (Elf:3)
  14 jiangshi
  A shambling mangrove (Swamp:2)
  A quicksilver dragon zombie (Crypt:2)
  2 salamander tyrants (Snake:4)
  10 fire dragons
  34 vault guards
  Harold (D:11)
  A caustic shrike simulacrum (Crypt:3)
  17 hydras
  2 spriggan zombies (Crypt:3)
  11 ice dragons
  A great orb of eyes (Vaults:4)
  5 rakshasas
  A peacekeeper (Vaults:3)
  3 ogre magi (Swamp:4)
  A catoblepas (D:12)
  8 anacondas
  A demonspawn (Orc:2)
  16 centaur warriors
  8 ironbound frosthearts
  6 spriggan air magi
  3 death knights
  9 hell hogs (Depths:4)
  25 dancing weapons
  3 ghost crabs
  5 alligators
  7 tengu warriors
  A two-headed ogre (D:10)
  6 deep troll shamans
  3 boulder beetles
  10 vampire magi
  6 death yaks
  13 naga warriors
  7 deep troll earth magi
  3 thrashing horrors (Lair:5)
  6 shock serpents
  Urug (Lair:3)
  9 hell knights
  7 spriggan berserkers
  15 naga sharpshooters
  4 sun demons
  Sonja (Lair:2)
  11 soul eaters
  Amaemon (Lair:2)
  A storm dragon zombie (Crypt:2)
  6 orc high priests (Orc:2)
  11 deep elf knights
  Nergalle (Lair:3)
  An anaconda zombie (Crypt:3)
  4 spriggan druids
  4 goliath frogs
  6 iron trolls
  A sixfirhy (Swamp:4)
  15 skeletal warriors
  6 shadow wraiths
  4 skysharks
  A golden dragon zombie (Depths:2)
  6 sea snakes
  2 storm dragon skeletons (Depths:2)
  2 salamander mystics
  5 naga ritualists
  4 flayed ghosts
  7 death drakes
  2 glowing orange brains (Vaults:4)
  9 swamp dragons
  2 bog bodies
  46 deep trolls
  A glowing orange brain (shapeshifter) (Vaults:5)
  A shadow demon (Depths:1)
  16 ironbound convokers
  A spriggan simulacrum (Crypt:3)
  9 phantasmal warriors
  4 wizards
  An orange crystal statue (IceCv)
  A harpy (shapeshifter) (Elf:1)
  3 deep elf archers
  7 necromancers
  13 orc knights
  17 deep elf pyromancers
  9 lindwurms
  21 deep elf zephyrmancers
  A broodmother zombie (Crypt:3)
  19 mana vipers
  A sphinx zombie (Depths:2)
  39 ugly things
  2 will-o-the-wisps
  16 salamanders
  11 orc sorcerers
  A salamander (shapeshifter) (D:13)
  3 cyclopes
  A shadow dragon skeleton (Crypt:1)
  An iron dragon zombie (Crypt:1)
  24 moths of wrath
  42 black mambas
  2 iron dragon skeletons
  10 elephants
  2 manticores (D:14)
  13 guardian serpents
  A rust devil (Depths:2)
  20 naga magi
  A frost giant skeleton (Depths:2)
  2 torpor snails (Lair:4)
  22 vault sentinels
  3 apocalypse crabs (WizLab)
  2 molten gargoyles (Volcano)
  5 smoke demons
  An eye of devastation (shapeshifter) (Depths:2)
  4 centaur skeletons (D:14)
  5 rime drakes
  2 gargoyles
  10 cane toads
  3 unseen horrors
  3 orange demons
  A kobold demonologist (D:8)
  An elephant slug zombie (Crypt:2)
  39 yaktaurs
  A hellion (D:10)
  A white draconian zombie (Crypt:1)
  A yellow draconian zombie (Crypt:3)
  15 freezing wraiths
  An efreet (D:15)
  The ghost of Drain the Conjurer, a novice OpCj (D:5)
  A catoblepas skeleton (Crypt:1)
  8 komodo dragons
  5 tengu conjurers
  2 ancient zymes (Lair:5)
  An unseen horror skeleton (Crypt:1)
  A golden dragon simulacrum (IceCv)
  A queen bee (Lair:4)
  8 trolls
  3 polar bears
  3 anaconda simulacra
  2 red devils
  5 hellwings
  7 meliai (Lair:4)
  10 large abominations
  A merfolk (shapeshifter) (Vaults:5)
  3 wind drakes (WizLab)
  6 guardian mummies (Crypt:3)
  17 hornets
  An ettin zombie (Crypt:2)
  6 tyrant leeches
  40 blink frogs
  12 air elementals
  14 spriggans
  A jumping spider (shapeshifter) (Elf:2)
  35 slime creatures
  An alligator skeleton (Crypt:3)
  19 shadows
  4 fire elementals
  6 basilisks
  44 yaks
  A ynoxinul (Lair:5)
  4 water elementals
  16 wraiths
  5 vampires
  A human (shapeshifter) (Lair:5)
  7 wyverns
  5 fire bats
  A redback (Vaults:3)
  2 tyrant leech zombies
  6 chaos spawn
  3 neqoxecs
  32 nagas
  5 vampire mosquitoes
  A warg (Vaults:5)
  17 swamp worms
  4 acid dragons
  A floating eye (Depths:1)
  A hydra simulacrum (IceCv)
  4 water moccasins
  A two-headed ogre skeleton (Crypt:3)
  A hell hound (Elf:1)
  3 swamp drakes
  An ice beast (shapeshifter) (Vaults:5)
  27 orc warriors
  A sky beast (shapeshifter) (Lair:5)
  2 ettin simulacra (IceCv)
  2 ice beasts (D:10)
  5 ogres
  21 centaurs
  2 alligator simulacra (IceCv)
  20 wolves
  An elephant skeleton (Crypt:2)
  3 kobold brigands (D:4)
  3 earth elementals
  8 bullfrogs
  A gnoll sergeant (D:13)
  A komodo dragon skeleton (Crypt:2)
  2 scorpions
  19 wights
  37 killer bees
  2 jellies
  2 polar bear skeletons
  A raiju skeleton (Crypt:2)
  7 vampire bats (Bailey)
  7 wolf zombies (Bailey)
  2 electric eels (D:13)
  4 howler monkeys
  6 lava snakes (Volcano)
  A bullfrog zombie (Crypt:2)
  2 centaur zombies (Crypt:3)
  30 orc priests
  Terence (D:2)
  4 iguanas
  A sleepcap (D:6)
  20 orc wizards
  A hell rat (Lair:4)
  Natasha (D:2)
  12 small abominations
  3 adders
  22 gnolls
  A shadow imp (D:7)
  A swamp drake skeleton (Crypt:2)
  2 white imps (D:5)
  A worm (D:4)
  2 dart slugs
  67 orcs
  12 endoplasms
  5 giant cockroaches
  16 hobgoblins
  6 jackals
  39 kobolds
  4 quokkas
  7 ball pythons
  5 bats
  4 frilled lizards
  9 goblins
  21 orc zombies (Bailey)
  7 rats
2231 creatures vanquished.

Vanquished Creatures (collateral kills)
  Margery (Vaults:2)
  A profane servitor (Crypt:3)
  A tentacled monstrosity (Swamp:4)
  Aizul (Depths:1)
  A frost giant (Depths:2)
  A very ugly thing (IceCv)
  Azrael (Elf:1)
  An ice dragon (Depths:2)
  An anaconda (Snake:1)
  A dancing weapon (Elf:3)
  A spriggan berserker (Depths:2)
  A shock serpent (Snake:1)
  A hell knight (Vaults:2)
  2 deep elf pyromancers (Elf:1)
  2 deep elf zephyrmancers
  A fire elemental (Elf:1)
18 creatures vanquished.

Vanquished Creatures (others)
  A draconian annihilator (Zot:3)
  A red draconian (Zot:2)
  A vampire mage (Depths:2)
  A deep elf pyromancer (Swamp:4)
  A wizard (Swamp:4)
  An ugly thing (Depths:2)
  A slime creature (Vaults:1)
  A black bear (D:5)
8 creatures vanquished.

Grand Total: 2257 creatures vanquished

Notes
Turn   | Place    | Note
-------+----------+-------------------------------------------
     0 | D:1      | LordWeiramon the Kobold Wanderer began the quest for the
                  | Orb.
     0 | D:1      | LordWeiramon set off with the following items: a +0 dagger,
                  | a potion of attraction, a potion of invisibility, a +0
                  | robe, a +2 buckler; and the following spell memorised:
                  | Apportation; and the following spells available to
                  | memorise: Volatile Blastmotes.
     0 | D:1      | Reached XP level 1. HP: 12/12 MP: 2/2
    95 | D:1      | Reached skill level 1 in Short Blades
   194 | D:1      | Reached skill level 2 in Short Blades
   194 | D:1      | Reached XP level 2. HP: 17/17 MP: 3/3
   261 | D:1      | Reached skill level 1 in Stealth
   489 | D:1      | Reached skill level 3 in Short Blades
   489 | D:1      | Reached XP level 3. HP: 21/21 MP: 4/4
   904 | D:2      | Noticed Terence
   935 | D:2      | Noticed Natasha
  1404 | D:2      | Reached skill level 4 in Short Blades
  1448 | D:2      | Reached XP level 4. HP: 26/26 MP: 5/5
  1577 | D:2      | Found a broken altar of Ashenzari.
  1585 | D:2      | Became a worshipper of Ashenzari the Shackled
  1769 | D:2      | Killed Terence
  2437 | D:3      | Reached XP level 5. HP: 30/30 MP: 6/6
  2650 | D:3      | Reached skill level 5 in Short Blades
  2650 | D:3      | Identified the cursed +0 robe of Supernal Knowledge {Alch,
                  | Range}
  3059 | D:4      | Reached * piety under Ashenzari
  3088 | D:4      | Reached skill level 1 in Dodging
  3113 | D:4      | Reached XP level 6. HP: 35/35 MP: 7/7
  3171 | D:4      | Identified the cursed +0 helmet of the All-seeing Ether
                  | {Cun, Range} (You found it on level 2 of the Dungeon)
  3182 | D:4      | Found Guegg's Antique Weapon Shoppe.
  3332 | D:4      | Found Jineschank's Distillery.
  3338 | D:4      | Bought 2 potions of curing for 72 gold pieces
  3338 | D:4      | Bought a potion of curing for 36 gold pieces
  3601 | D:4      | Found Hoazem's Antique Weapon Emporium.
  3834 | D:4      | Reached skill level 6 in Short Blades
  3834 | D:4      | Reached XP level 7. HP: 37/40 MP: 8/8
  3910 | D:4      | Reached skill level 7 in Short Blades
  4072 | D:4      | Reached skill level 5 in Stealth
  4315 | D:4      | Reached ** piety under Ashenzari
  4566 | D:4      | Bought a potion of might for 48 gold pieces
  4726 | D:2      | Killed Natasha
  4727 | D:2      | Reached XP level 8. HP: 42/44 MP: 9/9
  4811 | D:5      | Entered Level 5 of the Dungeon
  4872 | D:5      | Found Vibes's Book Boutique.
  4890 | D:5      | Reached skill level 8 in Short Blades
  5029 | D:5      | Noticed Drain's ghost (novice OpCj)
  5059 | D:5      | Found a runed translucent door.
  5176 | D:5      | Reached skill level 9 in Short Blades
  5396 | D:6      | Identified the +2 robe of Kindness {Rampage rN+ Int-2 SInv}
  5600 | D:6      | Found a staircase to the Ecumenical Temple.
  5606 | Temple   | Entered the Ecumenical Temple
  5993 | D:6      | Reached *** piety under Ashenzari
  6197 | D:6      | Reached skill level 5 in Dodging
  6391 | D:6      | Reached XP level 9. HP: 48/48 MP: 10/10
  6725 | D:7      | Learned a level 3 spell: Confusing Touch
  6727 | D:7      | Learned a level 1 spell: Slow
  6739 | D:7      | Reached skill level 1 in Hexes
  6741 | D:7      | Reached **** piety under Ashenzari
  7113 | D:7      | Found Nyenycze's Weapon Shop.
  7889 | D:8      | Found a burning altar of Makhleb.
  8033 | D:8      | Reached ***** piety under Ashenzari
  8254 | D:9      | Reached skill level 5 in Hexes
  8264 | D:9      | Found a sacrificial altar of Ru.
  8264 | D:9      | Found a broken altar of Ashenzari.
  8266 | D:9      | Found a snail-covered altar of Cheibriados.
  8275 | D:9      | Found a flagged portal.
  8298 | Bailey   | Entered a bailey
  8464 | Bailey   | Reached XP level 10. HP: 53/53 MP: 11/11
  8722 | Bailey   | Identified the +2 leather armour of the Salamander {Harm
                  | Will+++ rCorr Dex+2}
  8750 | Bailey   | Noticed a gargoyle
  8754 | Bailey   | Killed a gargoyle
  9236 | D:9      | Found Vohecw's Weapon Shoppe.
  9240 | D:9      | Bought a +0 short sword of electrocution for 133 gold
                  | pieces
  9278 | D:9      | Reached skill level 1 in Armour
  9531 | D:9      | Found a radiant altar of Vehumet.
  9531 | D:9      | Identified Sif Muna's Parchment of Calling
  9532 | D:9      | Found a shimmering blue altar of Sif Muna.
  9835 | D:9      | Found an ancient bone altar of Kikubaaqudgha.
  9855 | D:10     | Entered Level 10 of the Dungeon
  9930 | D:10     | Found Vodghape's Specific Store.
  9931 | D:10     | Found Culenone's General Store.
  9938 | D:10     | Bought a potion of resistance for 130 gold pieces
 10012 | D:10     | Found Deugiubi's Antique Armour Shop.
 10072 | D:10     | Found a staircase to the Lair.
 10078 | D:10     | Noticed a rime drake
 10081 | D:10     | Killed a rime drake
 10095 | D:10     | Reached XP level 11. HP: 62/62 MP: 14/14
 10485 | D:10     | Found a stormy altar of Qazlal.
 10574 | D:10     | Noticed a two-headed ogre
 10577 | D:10     | Killed a two-headed ogre
 10798 | D:8      | Noticed a boulder beetle
 10820 | D:8      | Killed a boulder beetle
 10831 | D:8      | Noticed a tengu warrior
 10845 | D:8      | Killed a tengu warrior
 10848 | D:8      | Reached skill level 5 in Throwing
 11020 | D:5      | Killed Drain's ghost
 11234 | D:10     | Bought a pair of embroidered boots for 217 gold pieces
 11359 | D:11     | Found a broken altar of Ashenzari.
 11743 | D:11     | Noticed Harold
 11745 | D:11     | Killed Harold
 12167 | D:12     | Reached XP level 12. HP: 68/68 MP: 15/15
 12498 | D:12     | Found a staircase to the Orcish Mines.
 12678 | D:12     | Reached skill level 5 in Evocations
 12683 | D:12     | Noticed a tengu warrior
 12696 | D:12     | Killed a tengu warrior
 12721 | D:12     | Reached skill level 5 in Fighting
 12829 | D:12     | Noticed a boulder beetle
 12829 | D:12     | Found the +1 robe of Vines {NoPotionHeal Regen++++}
 12830 | D:12     | Noticed a catoblepas
 12831 | D:12     | Identified the ring of Lady Luck {rElec AC+4 Str+3}
 12831 | D:12     | Noticed a tengu warrior
 12834 | D:12     | Found a runed translucent door.
 13229 | Lair:1   | Entered Level 1 of the Lair of Beasts
 13266 | Lair:1   | Found a dark tunnel.
 13283 | Volcano  | Entered a volcano
 13546 | Volcano  | Found a burning altar of Makhleb.
 13546 | Volcano  | Noticed a centaur warrior
 13551 | Volcano  | Killed a centaur warrior
 13552 | Volcano  | Reached skill level 10 in Stealth
 13557 | Volcano  | Noticed a hell knight
 13563 | Volcano  | Killed a hell knight
 13610 | Volcano  | Identified the +2 tower shield "Daxkefi" {Harm rElec rN+
                  | Int+3}
 14018 | Lair:1   | Reached XP level 13. HP: 78/78 MP: 12/16
 14386 | Lair:1   | Reached skill level 15 in Stealth
 14450 | Lair:1   | Reached skill level 10 in Dodging
 15066 | Lair:2   | Noticed Amaemon
 15068 | Lair:2   | Killed Amaemon
 15247 | Lair:2   | Found a staircase to the Swamp.
 15413 | Lair:2   | Noticed Sonja
 15419 | Lair:2   | Killed Sonja
 15688 | Lair:2   | Noticed a seven-headed hydra
 15689 | Lair:2   | Killed a seven-headed hydra
 16008 | Lair:3   | Found a staircase to the Snake Pit.
 16115 | Lair:3   | Noticed Urug
 16118 | Lair:3   | Killed Urug
 16119 | Lair:3   | Reached XP level 14. HP: 84/84 MP: 17/17
 16169 | Lair:3   | Identified the +10 quarterstaff of Usalaej {holy, Dex+2}
 16268 | Lair:3   | Noticed Nergalle
 16327 | Lair:3   | Killed Nergalle
 16464 | Lair:3   | Noticed Snorg
 16553 | Lair:3   | Killed Snorg
 18193 | Lair:4   | Reached skill level 5 in Armour
 18773 | Lair:5   | Entered Level 5 of the Lair of Beasts
 18781 | Lair:5   | Reached XP level 15. HP: 88/88 MP: 18/18
 19013 | Lair:5   | Found a staircase to the Slime Pits.
 19013 | Lair:5   | Found a viscous altar of Jiyva.
 19393 | Lair:5   | Reached skill level 10 in Fighting
 20154 | Lair:5   | Found a corrupted altar of Lugonu.
 20155 | Lair:5   | Found a one-way gate to the infinite horrors of the Abyss.
 20872 | D:4      | Bought a potion of mutation for 96 gold pieces
 20872 | D:4      | Bought a potion of mutation for 96 gold pieces
 20872 | D:4      | Bought a potion of flight for 36 gold pieces
 20872 | D:4      | Bought a potion of mutation for 96 gold pieces
 20972 | D:10     | Bought a potion of curing for 36 gold pieces
 20972 | D:10     | Bought a potion of haste for 120 gold pieces
 21216 | D:13     | Found a shadowy altar of Dithmenos.
 21230 | D:13     | Identified a scroll of acquirement
 21237 | D:13     | Acquired 1008 gold pieces
 21294 | D:13     | Reached XP level 16. HP: 100/100 MP: 11/19
 21604 | D:13     | Identified the ring "Kealek" {Fire rCorr Dex+3}
 21679 | D:13     | Noticed Josephine
 21684 | D:13     | Killed Josephine
 21730 | D:13     | Found a portal to a secret trove of treasure.
 21906 | D:13     | Reached skill level 15 in Dodging
 22418 | D:14     | Found a runed translucent door.
 22419 | D:14     | Found a shimmering altar of Xom.
 22419 | D:14     | Noticed Secest's ghost (journeyman DrFi)
 22420 | D:14     | Identified the +1 demon whip "Nuozoges" {chaos, Dex+4}
 22424 | D:14     | Killed Secest's ghost
 22882 | D:14     | Found a gate to the Vaults.
 23266 | D:14     | Identified the +3 ring mail "Qitot" {rN+ Will+ Int+2
                  | Stlth+}
 23559 | D:15     | Entered Level 15 of the Dungeon
 23666 | D:15     | Found Ommy's Book Shop.
 23726 | D:15     | Found Peiffib's Distillery.
 23732 | D:15     | Bought a potion of invisibility for 112 gold pieces
 23830 | D:15     | Found a staircase to the Depths.
 24109 | D:15     | Found Amaminee's Distillery.
 24115 | D:15     | Bought a potion of invisibility for 120 gold pieces
 24115 | D:15     | Bought a potion of resistance for 150 gold pieces
 24387 | Orc:1    | Entered Level 1 of the Orcish Mines
 24885 | Orc:2    | Entered Level 2 of the Orcish Mines
 25261 | Orc:2    | Found Efei's Book Shop.
 25300 | Orc:2    | Found a staircase to the Elven Halls.
 25512 | Orc:2    | Found Noutesia's Magic Scroll Shoppe.
 25514 | Orc:2    | Found Jiskuseu's Magic Scroll Emporium.
 25678 | Orc:2    | Reached XP level 17. HP: 98/104 MP: 16/20
 25808 | Orc:2    | Bought a scroll of blinking for 97 gold pieces
 25808 | Orc:2    | Bought a scroll of enchant armour for 97 gold pieces
 25811 | Orc:2    | Bought a scroll of butterflies for 56 gold pieces
 25811 | Orc:2    | Bought a scroll of blinking for 105 gold pieces
 25811 | Orc:2    | Bought a scroll of teleportation for 42 gold pieces
 25811 | Orc:2    | Bought a scroll of fear for 56 gold pieces
 25811 | Orc:2    | Bought a scroll of poison for 56 gold pieces
 26292 | Orc:2    | Found Warehulio's Book Boutique.
 26292 | Orc:2    | Found a one-way gate leading to the halls of Pandemonium.
 26292 | Orc:2    | Found Ugoth's Antique Armour Shop.
 26309 | Orc:2    | Bought a brightly glowing helmet for 228 gold pieces
 26309 | Orc:2    | Identified the +0 helmet "Ikab" {Harm rElec Int-4 Slay+2}
                  | (You bought it in a shop on level 2 of the Orcish Mines)
 26309 | Orc:2    | Bought a pair of embroidered gloves for 180 gold pieces
 26616 | Snake:1  | Entered Level 1 of the Snake Pit
 27005 | Snake:1  | Reached skill level 10 in Short Blades
 27376 | Snake:1  | Reached skill level 11 in Short Blades
 28308 | Snake:2  | Reached skill level 12 in Short Blades
 28558 | Snake:2  | Reached skill level 5 in Shields
 28809 | Snake:2  | Acquired a manual of Armour
 29363 | Snake:3  | Reached XP level 18. HP: 110/110 MP: 21/21
 29489 | Snake:3  | Reached skill level 10 in Armour
 29657 | Snake:3  | Found a sacrificial altar of Ru.
 30086 | Snake:4  | Entered Level 4 of the Snake Pit
 30328 | Snake:4  | Learned a level 2 spell: Passwall
 30470 | Snake:4  | Reached skill level 1 in Transmutations
 30470 | Snake:4  | Reached skill level 1 in Earth Magic
 30664 | Snake:4  | Found a white marble altar of Elyvilon.
 30916 | Snake:4  | Noticed Vashnia
 31536 | Snake:4  | Killed Vashnia
 32211 | Orc:2    | Bought a manual of Armour for 1120 gold pieces
 33009 | Snake:4  | Reached XP level 19. HP: 117/119 MP: 20/24
 33211 | Snake:4  | Got a serpentine rune of Zot
 33272 | Snake:4  | Acquired a +6 quick blade of venom
 33584 | Orc:2    | Bought a scroll of brand weapon for 123 gold pieces
 33710 | Swamp:1  | Entered Level 1 of the Swamp
 33829 | Swamp:1  | Found a frozen archway.
 33836 | IceCv    | Entered an ice cave
 34007 | IceCv    | Found a transporter.
 34145 | IceCv    | Found a transporter.
 34462 | Swamp:1  | Reached skill level 15 in Armour
 35523 | Swamp:3  | Reached skill level 10 in Evocations
 35846 | Swamp:3  | Identified the +0 robe of Card Tricks {+Inv Str+4 Int+2}
 35922 | Swamp:3  | Noticed a tentacled monstrosity
 35962 | Swamp:3  | Killed a tentacled monstrosity
 36046 | Swamp:3  | Identified the ring of Qinuont {Ice Str+3}
 36126 | Swamp:3  | Found a bloodstained altar of Trog.
 36368 | Swamp:4  | Entered Level 4 of the Swamp
 36849 | Swamp:4  | Noticed a tentacled monstrosity
 36861 | Swamp:4  | Killed a tentacled monstrosity
 36889 | Swamp:4  | Reached XP level 20. HP: 127/127 MP: 26/26
 36929 | Swamp:4  | Identified the +7 great sword of Kasoatei {freeze, rF+}
 37420 | Swamp:4  | Got a decaying rune of Zot
 38007 | Elf:1    | Entered Level 1 of the Elven Halls
 38029 | Elf:1    | Noticed Agnes
 38029 | Elf:1    | Killed Agnes
 38212 | Elf:1    | Noticed Zenata
 38388 | Elf:1    | Identified the Volume of the Congregation
 38393 | Elf:1    | Reached skill level 10 in Shields
 38402 | Elf:1    | Noticed Azrael
 38414 | Elf:1    | Killed Azrael
 38500 | Elf:1    | Found Rolucargh's Antique Weapon Boutique.
 38501 | Elf:1    | Found Nonot's Assorted Antiques.
 38501 | Elf:1    | Found Vusamuol's Jewellery Shop.
 38504 | Elf:1    | Found Losselao's Weapon Shop.
 38512 | Elf:1    | Bought the ring "Fintilli" {rF+ rN+} for 442 gold pieces
 39033 | Elf:1    | Killed Zenata
 39815 | Elf:2    | Found a runed translucent gate.
 39815 | Elf:2    | Found a runed translucent gate.
 39815 | Elf:2    | Found a runed translucent gate.
 40550 | Elf:2    | Reached XP level 21. HP: 134/134 MP: 28/28
 40850 | Elf:3    | Entered Level 3 of the Elven Halls
 40974 | Elf:3    | Paralysed by an air elemental for 1 turns
 41696 | Elf:3    | Reached skill level 13 in Short Blades
 41985 | Elf:3    | Reached skill level 14 in Short Blades
 42029 | Elf:3    | Paralysed by an air elemental for 1 turns
 42323 | Elf:3    | Identified the staff of cold "Wiraz" {rElec rC+ Str+9 Dex-4
                  | Stlth-}
 42412 | Elf:3    | Identified the +1 leather armour of the Wasteland {rN+
                  | rCorr}
 42550 | Elf:3    | Reached skill level 15 in Short Blades
 42791 | Elf:3    | Acquired the +0 helmet of Fanaticism {rC+}
 42840 | Elf:3    | Identified the +11 shortbow of Royalism {flame, Will+
                  | Dex+3}
 42926 | Elf:3    | Noticed Asterion
 42926 | Elf:3    | Identified the staff of poison "Birchuri" {rElec rPois rC-
                  | Str+8}
 42927 | Elf:3    | Identified the staff of earth "Buxotz" {rF- Will+ Str+3}
 42930 | Elf:3    | Killed Asterion
 42931 | Elf:3    | Reached skill level 10 in Hexes
 43200 | Elf:1    | Bought a scroll of teleportation for 114 gold pieces
 43200 | Elf:1    | Bought a scroll of brand weapon for 361 gold pieces
 43378 | Vaults:1 | Entered Level 1 of the Vaults
 43723 | Vaults:1 | Identified the +1 trident of the Pit {antimagic, *Slow rC+
                  | Str+9 Dex-2}
 44277 | Vaults:1 | Reached skill level 15 in Hexes
 44382 | Vaults:1 | Reached XP level 22. HP: 143/143 MP: 30/30
 45230 | Vaults:2 | Reached ****** piety under Ashenzari
 45591 | Vaults:2 | Noticed Margery
 45829 | Vaults:2 | Found a staircase to the Crypt.
 46276 | Vaults:2 | Killed Margery
 47250 | Vaults:3 | Found a magical portal.
 47256 | WizLab   | Entered The Chambers of the Cloud Mage
 47287 | WizLab   | Paralysed by an air elemental for 1 turns
 47728 | WizLab   | Paralysed by an air elemental for 1 turns
 47796 | WizLab   | Identified the ring of Omic {Drain Fly rF+++ rN+++ Will-}
 47797 | WizLab   | Identified Sif Muna's Verses on Haze
 47980 | Vaults:3 | Reached skill level 15 in Evocations
 48331 | Vaults:3 | Found Mumpunu's Book Shop.
 48590 | Vaults:3 | Reached XP level 23. HP: 152/152 MP: 31/31
 49240 | Vaults:4 | Found Dukluf's Antique Weapon Shoppe.
 49330 | Vaults:4 | Noticed Xtahua
 49331 | Vaults:4 | Killed Xtahua
 49550 | Vaults:4 | Noticed Saint Roka
 49641 | Vaults:4 | Killed Saint Roka
 50004 | Vaults:4 | Reached skill level 16 in Short Blades
 50068 | Vaults:4 | Noticed Donald
 50070 | Vaults:4 | Killed Donald
 50449 | Crypt:1  | Entered Level 1 of the Crypt
 50479 | Crypt:1  | Noticed Jory
 50482 | Crypt:1  | Killed Jory
 50720 | Crypt:1  | Reached skill level 17 in Short Blades
 51180 | Crypt:1  | Reached skill level 18 in Short Blades
 51909 | Crypt:2  | Reached skill level 19 in Short Blades
 52202 | Crypt:2  | Reached XP level 24. HP: 159/159 MP: 31/31
 52448 | Crypt:3  | Entered Level 3 of the Crypt
 52982 | Crypt:3  | Found a staircase to the Tomb.
 53055 | Crypt:3  | Identified the Codex of Violent Austromancy
 53176 | Crypt:3  | Reached skill level 20 in Short Blades
 53393 | Crypt:3  | Noticed Grunn
 53811 | Crypt:3  | Killed Grunn
 53884 | Crypt:3  | Reached skill level 21 in Short Blades
 54360 | Crypt:3  | Reached skill level 22 in Short Blades
 54458 | Crypt:3  | Found an ancient bone altar of Kikubaaqudgha.
 54458 | Crypt:3  | Found a basalt altar of Yredelemnul.
 54461 | Crypt:3  | Identified the ring "Taurarel" {rF+ rN+ SInv}
 54461 | Crypt:3  | Identified the ring "Kuux" {rN+ Dex+3}
 54845 | Orc:2    | Bought a scroll of acquirement for 676 gold pieces
 54849 | Orc:2    | Acquired the +0 pair of gloves "Ling" {rN+ Regen+}
 54967 | Depths:1 | Entered Level 1 of the Depths
 55114 | Depths:1 | Found a one-way gateway to a ziggurat.
 55114 | Depths:1 | Noticed Nikola
 55114 | Depths:1 | Killed Nikola
 55217 | Depths:1 | Noticed Aizul
 55227 | Depths:1 | Killed Aizul
 55765 | Depths:1 | Found a sacrificial altar of Ru.
 56161 | Depths:1 | Found a gateway to Hell.
 56650 | Depths:2 | Reached XP level 25. HP: 130/163 MP: 31/31
 57191 | Depths:2 | Identified the +8 long sword "Daem" {venom, rPois rN++
                  | Str-5}
 57270 | Depths:2 | Identified the +1 dagger of Okawaru's Delight {heavy, Will-
                  | rCorr Int+3 Stlth+}
 57415 | Depths:2 | Reached skill level 23 in Short Blades
 59041 | Depths:3 | Found a hide-covered altar of Uskayaw.
 59393 | Depths:4 | Entered Level 4 of the Depths
 59591 | Depths:4 | Reached skill level 15 in Shields
 59780 | Depths:4 | Found a stormy altar of Qazlal.
 60161 | Depths:4 | Reached XP level 26. HP: 170/170 MP: 31/31
 60403 | Depths:4 | Identified the +1 broad axe "Bobly" {venom, Will+++ Int+9
                  | Stlth-}
 60588 | Depths:4 | Found a gate to the Realm of Zot.
 60890 | Depths:4 | Found a glowing golden altar of the Shining One.
 61186 | Vaults:5 | Entered Level 5 of the Vaults
 61822 | Vaults:5 | Identified the +7 hand axe "Hydraslayer" {drain, Drain Fly
                  | rElec rN+++}
 62122 | Vaults:5 | Identified the +8 trident of Toleoriw {chaos, Int+7 Stlth+}
 62286 | Vaults:5 | Identified the +4 quarterstaff of Fate {protect, MP-9 Str+6
                  | Int+8}
 62286 | Vaults:5 | Identified the ring "Ikahot" {*Slow rPois rF+ MP+9 Int+4}
 62429 | Vaults:5 | Identified the +3 ring mail of the Hippo {Int+4}
 62431 | Vaults:5 | Identified the staff of air "Irewi" {Drain rElec rPois
                  | rCorr Str+5}
 62454 | Vaults:5 | Got a silver rune of Zot
 62693 | Vaults:5 | Noticed a dread lich
 62752 | Vaults:5 | Killed a dread lich
 63131 | Vaults:5 | Noticed Frederick
 63141 | Vaults:5 | Killed Frederick
 63142 | Vaults:5 | Reached XP level 27. HP: 154/173 MP: 31/31
 63365 | Vaults:5 | Noticed Boris
 63374 | Vaults:5 | Killed Boris
 64113 | Zot:1    | Entered Level 1 of the Realm of Zot
 64622 | D:13     | You paid a toll of 6 scrolls of fear to enter a treasure
                  | trove
 64623 | Trove    | Entered a treasure trove
 64628 | Trove    | Identified the +9 quick blade "Ihutowkec" {vamp, Int+2}
 64628 | Trove    | Identified the ring "Lecilyco" {Wiz rC++ Str+3}
 64628 | Trove    | Identified the +0 pair of boots "Monnio" {-Tele Str+4
                  | Dex+8}
 64723 | D:15     | Bought 2 potions of heal wounds for 140 gold pieces
 64723 | D:15     | Bought 2 potions of brilliance for 112 gold pieces
 64723 | D:15     | Bought a potion of magic for 112 gold pieces
 64723 | D:15     | Bought a potion of heal wounds for 70 gold pieces
 64723 | D:15     | Bought a potion of brilliance for 56 gold pieces
 64723 | D:15     | Bought a potion of curing for 42 gold pieces
 64757 | D:15     | Bought a potion of heal wounds for 75 gold pieces
 64757 | D:15     | Bought a potion of curing for 45 gold pieces
 64757 | D:15     | Bought a potion of flight for 45 gold pieces
 64757 | D:15     | Bought a potion of flight for 45 gold pieces
 64757 | D:15     | Bought a potion of curing for 45 gold pieces
 64757 | D:15     | Bought a potion of curing for 45 gold pieces
 64960 | Vaults:3 | Bought a manual of Throwing for 1680 gold pieces
 65327 | Zot:1    | Noticed an orb of fire
 65329 | Zot:1    | Killed an orb of fire
 65359 | Zot:1    | Identified the +0 leather armour of Mental Paralysis {rElec
                  | Will- Int+2 Dex+2}
 65428 | Zot:1    | Noticed an orb of fire
 65430 | Zot:1    | Killed an orb of fire
 66375 | Zot:2    | Reached skill level 24 in Short Blades
 66732 | Zot:3    | Reached skill level 25 in Short Blades
 67884 | Zot:4    | Reached skill level 15 in Fighting
 68042 | Zot:5    | Entered Level 5 of the Realm of Zot
 68261 | Zot:5    | Noticed a dread lich
 68263 | Zot:5    | Killed a dread lich
 68418 | Zot:5    | Noticed a Killer Klown
 68419 | Zot:5    | Noticed an orb of fire
 68420 | Zot:5    | Killed a Killer Klown
 68421 | Zot:5    | Noticed an orb of fire
 68422 | Zot:5    | Killed an orb of fire
 68423 | Zot:5    | Noticed a Killer Klown
 68424 | Zot:5    | Killed an orb of fire
 68424 | Zot:5    | Noticed a Killer Klown
 68428 | Zot:5    | Noticed a Killer Klown
 68448 | Zot:5    | Killed a Killer Klown
 68490 | Zot:5    | Noticed an ancient lich
 68493 | Zot:5    | Killed an ancient lich
 68531 | Zot:5    | Killed a Killer Klown
 68603 | Zot:5    | Noticed a Killer Klown
 68605 | Zot:5    | Killed a Killer Klown
 68613 | Zot:5    | Noticed an orb of fire
 68614 | Zot:5    | Noticed an ancient lich
 68615 | Zot:5    | Killed an orb of fire
 68616 | Zot:5    | Noticed a Killer Klown
 68616 | Zot:5    | Noticed an orb of fire
 68617 | Zot:5    | Noticed a dread lich
 68617 | Zot:5    | Killed an ancient lich
 68648 | Zot:5    | Killed an orb of fire
 68659 | Zot:5    | Killed a dread lich
 68663 | Zot:5    | Killed a Killer Klown
 68850 | Zot:5    | Killed a Killer Klown
 69392 | Zot:5    | Got the Orb of Zot
 69644 | D:15     | Noticed Meok the pandemonium lord
 69896 | D:$      | Escaped with the Orb!

Illustrated notes

Levels and vault maps discovered:
D:1:      psy_arrival_heroes, layout_loops_ring
D:2:      layout_basic, basic_altar, uniq_natasha, uniq_terence
D:3:      layout_basic, wander_ebering_terrifying_dragon_lair
D:4:      minmay_goblin_kobold_castle, layout_basic, serial_shops,
          nicolae_shop_behind_doors, nicolae_shop_tiny_waterfront, shop,
          st_stairs_2, minmay_diced_spiral
D:5:      layout_gridville, serial_shops, nicolae_shop_tiny_statue_garden,
          hellmonk_ghost_happy_afterlife
D:6:      layout_loops_cross, minmay_temple_entry_enclosed_plants, minivault_27
D:7:      layout_cave_pods, serial_shops, nicolae_shop_bloodbath_and_beyond,
          dk_noncrumbling_2, nicolae_nh_ransacked_shop
D:8:      minmay_bloctagon_deflated, layout_loops_ring, bloody_makhleb
D:9:      layout_stronghold, grunt_temple_overflow_magic_moments,
          chequers_temple_overflow_statue_of_worship, serial_shops,
          nicolae_shop_back_alley_shop, enter_bailey_4
D:10:     layout_basic, mainiacjoe_overflow_alcove_2, hellmonk_lair_entry_icy,
          serial_shops, nicolae_shop_rolling_square, nicolae_specific_store,
          chequers_serial_rivers_small_b
D:11:     layout_irregular_city, nicolae_ashenzari_skybound, uniq_harold
D:12:     layout_irregular_city, orc_0_dummy, minmay_misc_feat_hallway,
          minmay_st_funbox, minmay_bent
D:13:     layout_roguey, enter_trove_3, serial_bayou_lagoon_a,
          chequers_serial_rivers_room_b, nicolae_two_hexagons,
          grunt_dithmenos_smoke, uniq_josephine
D:14:     layout_long_grid, hangedman_vaults_entry_quadrant_bands,
          infiniplex_staircase_door_maze, serial_glass, glass_columns_a,
          glass_columns_a, glass_columns_b, glass_columns_b, glass_columns_a,
          glass_columns_c, glass_columns_a, glass_columns_b, glass_columns_a,
          glass_columns_b, ebering_ghost_xom
D:15:     grunt_enter_depths_giant_problem, layout_loops_ring,
          palyth_stone_intersect, serial_shops, shop,
          nicolae_shop_tiny_waterfront, nicolae_shop_getting_attention
Temple:   nicolae_temple_two_arcs
Lair:1:   layout_gridlike, nicolae_volcano_entry_batcave
Lair:2:   layout_loops_ring, minmay_swamp_entry_worms, uniq_amaemon, uniq_sonja
Lair:3:   layout_chaotic_city, guppyfry_snake_entry_garden, uniq_urug,
          uniq_nergalle, uniq_snorg
Lair:4:   regret_index_combs_of_tragedy, layout_regular_city, grunt_megastairs_4
Lair:5:   hellmonk_lair_end_abyssal_woods, layout_cave_shapes, slime_entry_1,
          minivault_11, grunt_forest_large_clearings,
          infiniplex_staircase_pool_2
Swamp:1:  layout_falls_marsh, portal_ice_cave_entry_frozen_things,
          nicolae_swamp_decorative_isthmus, st_swamp_mini
Swamp:2:  layout_basic_swamp, serial_swamp_ruin, evilmike_swamp_ruin_house_5,
          hangedman_swamp_ruin_wall, swamp_pool3
Swamp:3:  layout_falls_marsh, evilmike_swamp_ruin_rubble_1, swamp_pool2,
          nicolae_swamp_godswood, statue_in_the_mist_lemuel,
          hangedman_swamp_dais, infiniplex_staircase_pool
Swamp:4:  nzn_swamp_witches_coven, layout_basic_swamp
Snake:1:  nicolae_snake_unarmed_stairs_patrol, layout_chambers, drop_trap,
          serial_bayou_shore_b
Snake:2:  layout_rooms
Snake:3:  layout_rooms, basic_altar, hangedman_snake_pattern, drop_trap
Snake:4:  snake_pit_salamanders_mu, layout_cave_town, basic_altar,
          serial_bayou_shore_a, uniq_vashnia
Orc:1:    layout_caves
Orc:2:    pf_orc_diabolical, layout_caves, serial_shops, shop
Elf:1:    eino_elf_arrival_shootout, layout_gridlike, minmay_elf_demonology,
          minmay_shoptagon, uniq_agnes, uniq_azrael, uniq_zenata
Elf:2:    elven_hall_of_blades_hangedman_original
          [nicolae_blade_entry_floor_patterns], layout_gridlike, serial_glass,
          glass_columns_b, glass_columns_a, feat_on_display,
          minmay_strange_pillars, minmay_strange_pillars
Elf:3:    elf_hall, layout_geoelf_octagon, uniq_asterion
Vaults:1: vaults_room_pool, nicolae_vaults_closet_pinwheel_2, vaults_dpeg_hooks,
          grunt_vaults_twisty, nicolae_vaults_storage_room_statues,
          nicolae_vaults_closet_pinwheel_2, v_misc_17, hangedman_vaults_snaps,
          v_misc_32, ontoclasm_vaults_tryst, st_diamondy,
          nicolae_vaults_trapezoid_lopsided_1,
          vaults_room_grunt_arrival_checkpoint, layout_vaults_omnibox
Vaults:2: nicolae_vaults_big_angled_halls, v_misc_12, hangedman_vaults_pinch,
          nicolae_vaults_double_plus_2, minmay_crypt_entry_simple_round,
          layout_vaults_quadrants, uniq_margery
Vaults:3: mu_enter_wizlab_5, v_misc_4, v_misc_22,
          nicolae_vaults_cornered_office, nicolae_vaults_apartment_2,
          nicolae_vaults_theta, nicolae_vaults_storage_room_water,
          nicolae_vaults_bisected_exclaves, v_misc_17,
          nicolae_vaults_closet_pinwheel_6, vaults_room_fours,
          vaults_room_octagon, nicolae_vaults_tetromino_Z_2,
          nicolae_vaults_weapon_check, layout_vaults_maze_bifur, serial_shops,
          nicolae_shop_window_shopping
Vaults:4: nicolae_vaults_little_squares_4, v_misc_29,
          hangedman_vaults_restitches, ontoclasm_vaults_spin,
          nicolae_vaults_turnstiles, hangedman_vaults_stagger, v_alt_pattern_6,
          nicolae_vaults_trapezoid_1, hangedman_vaults_stretched_pinwheel,
          hangedman_vaults_impose, layout_vaults_big_room, serial_shops, shop,
          uniq_donald, uniq_xtahua, uniq_saint_roka
Vaults:5: serial_shops, uniq_frederick, uniq_boris
Crypt:1:  minmay_shadows, layout_chaotic_city, grunt_crypt_arrival_split,
          grunt_megastairs_2, uniq_jory
Crypt:2:  layout_rooms, st_stairs_5, roderic_lattice_octagonal_star
Crypt:3:  lightli_unholy_cathedral, layout_chaotic_city,
          tomb_entry_shell_bobbens, uniq_grunn
Depths:1: layout_honeycomb, enter_ziggurat_a, rand_demon_pan_entry_1,
          hangedman_ru_absence, grunt_hell_entry_dis_old,
          hangedman_decor_riveting, kennysheep_crisscross, glass_columns_b,
          hangedman_decor_lopped, chequers_jeans, kennysheep_just_a_vault,
          serial_bayou_shore_b, firewood_loft, uniq_nikola, uniq_aizul
Depths:2: grunt_crosshair, layout_honeycomb, rand_demon_pan_entry_8,
          abyss_entry_crystal, hell_entry, wad_scary_box,
          infiniplex_staircase_diamond
Depths:3: minmay_mutant_horseshoe, layout_gridlike, nicolae_uskayaw_en_pointe,
          minmay_room_of_horrors, serial_glass, glass_columns_a,
          glass_columns_a, hangedman_coc_ice_floe, infiniplex_staircase_zigzag_3
Depths:4: evilmike_zot_entry_diamond, layout_cave_shapes, grunt_hell_horde,
          nicolae_tso_swordbearing_angel, grunt_qazlal_clouds,
          serial_bayou_shore_b, kennysheep_random_hallway
Zot:1:    nicolae_moth_party, layout_misc_corridors, uniq_josephina
Zot:2:    layout_cellular_growth, st_single_dragon_hoard_1
Zot:3:    layout_basic
Zot:4:    layout_onion
Zot:5:    layout_misc_corridors

Skill      XL: |  1  2  3  4  5  6  7  8  9 10 11 12 13 14 15 16 17 18 19 20 21 22 23 24 25 26 27 |
---------------+----------------------------------------------------------------------------------+-----
Short Blades   | 2 3 4 5 6 7 9 12 15 19 22 23 25 | 25.0
Stealth        | 1 3 4 6 7 9 13 16 19 20 21 23 | 23.3
Dodging        | 2 6 9 13 14 18 20 21 22 23 | 23.3
Throwing       | 2 5 7 |  7.6
Hexes          | 6 8 9 15 | 15.4
Spellcasting   | 2 |  2.0
Fighting       | 4 8 11 12 19 | 19.8
Armour         | 3 6 8 9 14 15 17 | 17.6
Evocations     | 6 11 15 18 22 | 22.1
Shields        | 5 7 12 13 15 | 15.7
Transmutations | 4 |  4.2
Earth Magic    | 4 |  4.2
Translocations | |  1.0

Action                     |  1- 3 |  4- 6 |  7- 9 | 10-12 | 13-15 | 16-18 | 19-21 | 22-24 | 25-27 || total
---------------------------+-------+-------+-------+-------+-------+-------+-------+-------+-------++-------
  Melee: Dagger            |    53 |       |       |       |       |       |       |       |       ||    53
         Short sword       |    32 |   266 |   528 |   484 |  1155 |  1779 |  1850 |  1708 |       ||  7802
         Rapier            |       |       |       |       |       |       |       |   143 |  2401 ||  2544
  Throw: Dart              |       |     3 |    22 |     7 |     2 |     1 |    13 |     4 |     2 ||    54
         Throwing net      |       |       |     5 |     4 |     3 |       |     1 |       |    11 ||    24
   Cast: Confusing Touch   |       |       |     3 |    22 |    45 |    95 |    47 |    95 |    65 ||   372
         Slow              |       |       |       |       |       |     5 |    18 |     6 |     1 ||    30
         Passwall          |       |       |       |       |       |       |    13 |    13 |    13 ||    39
 Invoke: Curse Item        |       |     2 |     6 |     3 |       |     2 |     3 |     3 |     1 ||    20
         Shatter the Chain |       |       |       |     2 |     2 |       |     3 |     2 |     1 ||    10
  Evoke: Wand              |       |     1 |       |       |     1 |     5 |    26 |     7 |     6 ||    46
         Phantom mirror    |       |       |       |       |     2 |     1 |     3 |     3 |     2 ||    11
         Box of beasts     |       |       |       |       |       |       |     3 |     3 |     2 ||     8
         Lightning rod     |       |       |       |       |       |       |    11 |     4 |       ||    15
         Phial of floods   |       |       |       |       |       |       |     2 |       |       ||     2
         Condenser vane    |       |       |       |       |       |       |     1 |       |     1 ||     2
    Use: Scroll            |     4 |     2 |     1 |     4 |     3 |     3 |    12 |    11 |    10 ||    50
         Potion            |       |     5 |     7 |     1 |       |       |    13 |     4 |     8 ||    38
   Stab: Sleeping          |    26 |    15 |    32 |    49 |   100 |   118 |   130 |   201 |   135 ||   806
         Distracted        |       |     1 |     2 |     2 |    13 |    15 |    20 |    16 |    47 ||   116
         Invisible         |       |     2 |     2 |       |       |     4 |    14 |     5 |     2 ||    29
         Held in net/web   |       |     1 |     2 |     3 |     1 |       |     2 |       |    12 ||    21
         Confused          |       |       |     3 |    26 |    42 |    91 |    51 |   110 |    68 ||   391
         Petrified         |       |       |       |       |     6 |       |       |       |       ||     6
         Petrifying        |       |       |       |       |     1 |       |       |       |       ||     1
 Armour: Robe              |     8 |     8 |    14 |     2 |       |       |       |       |       ||    32
         Skin              |       |    18 |       |       |       |       |       |       |       ||    18
         Acid dragon scale |       |       |       |    22 |    71 |   116 |   167 |   105 |   175 ||   656
  Dodge: Dodged            |    14 |    72 |   230 |   198 |   684 |  1117 |  1032 |   692 |  1141 ||  5180
  Block: Buckler           |    29 |    66 |   134 |    86 |   284 |   518 |   176 |       |       ||  1293
         Kite shield       |       |       |       |       |       |       |   659 |   868 |  1321 ||  2848
         Reflection        |       |       |       |       |       |       |       |       |    17 ||    17
